 Dungeon Crawl Stone Soup version 0.16.1-30-g34a7ffa (webtiles) character file.

233 Jb9000 the Shield-Bearer (level 5, -4/69 HPs)
             Began as a Draconian Fighter on June 18, 2015.
             Engulfed by a cloud of flame (10 damage)
             ... on level 3 of the Dungeon.
             The game lasted 00:10:23 (2627 turns).

Jb9000 the Shield-Bearer (Draconian Fighter)        Turns: 2627, Time: 00:10:23

Health: -4/69      AC: 22    Str: 19    XL:     5   Next: 74%
Magic:  5/5        EV:  2    Int:  8    God:
Gold:   153        SH:  9    Dex: 11    Spells: 0 memorised, 4 levels left

rFire  + . .     SeeInvis .     v - +0 short sword (flame)
rCold  + . .     Clarity  .     (armour unavailable)
rNeg   + + +     SustAb   .     c - +0 shield
rPois  +         Gourm    .     (helmet currently unavailable)
rElec  +         Spirit   .     (cloak currently unavailable)
rCorr  +         Warding  .     b - melded +1 pair of gloves
rMut   .         NoTele   +     d - melded +0 pair of boots
MR     .....                    (no amulet)
Stlth  +.........               (no ring)
                                n - ring of flight

@: tree-form, resistant, not resistant to hostile enchantments, very unstealthy
A: unfitting armour, (cold-blooded), AC +5
a: no special abilities


You were on level 3 of the Dungeon.
You were not hungry.
You were a tree.
You visited 1 branch of the dungeon, and saw 3 of its levels.

You collected 153 gold pieces.

Inventory:

Hand weapons
 a - a +0 long sword
 v - a +0 short sword of flaming (weapon)
Missiles
 i - 22 sling bullets (quivered)
 j - 17 poisoned needles
 q - 47 arrows
 u - a tomahawk
Armour
 b - a +1 pair of gloves (melded)
 c - a +0 shield (worn)
 d - a +0 pair of boots (melded)
 w - a cursed +0 pair of gloves
Jewellery
 n - a ring of flight (left branch)
Magical devices
 t - a wand of frost (13)
Scrolls
 l - a scroll of identify
Potions
 e - a potion of might
 m - a potion of resistance
Comestibles
 f - 3 bread rations
 g - 4 chunks of flesh
 o - 4 fruits
 r - 2 meat rations


   Skills:
 + Level 4.1 Fighting
 + Level 3.4 Long Blades
 + Level 3.8 Dodging
 + Level 0.4 Stealth
 + Level 4.3 Shields


You had 4 spell levels left.
You didn't know any spells.

Dungeon Overview and Level Annotations

Branches:
Dungeon (3/15)

Altars:
Vehumet
Zin


Innate Abilities, Weirdness & Mutations

((Your plain brown scales are hard (AC +5).))
Your body does not fit into most forms of armour.
((Your cold-blooded metabolism reacts poorly to cold.))


Message History

Read which item? (? for menu, Esc to quit)
As you read the scroll of immolation, it crumbles to dust.
The creatures around you are filled with an inner flame!
The orc priest hits you but does no damage.
The adder bites you but does no damage.
You closely miss the orc priest.
The orc priest is heavily wounded.
You block the adder's attack.
The orc priest hits you but does no damage.
The adder bites you but does no damage.
You hit the orc priest. You burn the orc priest.
The orc priest explodes!
The fiery explosion engulfs the hobgoblin.
The hobgoblin explodes!
The fiery explosion engulfs the worm.
The worm explodes!
The fiery explosion engulfs you! You resist.
* * * LOW HITPOINT WARNING * * *
You are engulfed in roaring flames.
You resist.
You die...

#...# ######..÷#
#....#...# .
#....#...#### #..
#....#......# #...
#....######.# #....
#...........#
#....§####....########
#.%.§§§§♣S.##.# #...#
#...§§####.##.####.#.#
####' #.##.#......# #
#...........#
####.##.######
#......>#...#
......#..#.#.#
.#....#..#.#.#
.....#..#.#.#####


You could see an adder (inner flame).

Vanquished Creatures
  2 orc priests (D:3)
  4 adders
  2 giant mites (D:2)
  8 worms
  6 orcs (D:3)
  4 bats
  8 goblins
  10 hobgoblins
  8 jackals
  2 kobolds
  3 ball pythons
  3 giant cockroaches
  A giant gecko (D:1)
  6 giant newts
  11 rats
78 creatures vanquished.

Notes
Turn   | Place    | Note
--------------------------------------------------------------
     0 | D:1      | Jb9000, the Draconian Fighter, began the quest for the Orb.
     0 | D:1      | Reached XP level 1. HP: 19/19 MP: 1/1
     1 | D:1      | Found a runed door.
    24 | D:1      | Reached XP level 2. HP: 4/26 MP: 2/2
   445 | D:1      | Reached XP level 3. HP: 31/31 MP: 3/3
  1029 | D:2      | Found a glowing silver altar of Zin.
  1265 | D:2      | Reached XP level 4. HP: 37/40 MP: 4/4
  2086 | D:2      | Reached skill level 4 in Fighting
  2298 | D:3      | Found a radiant altar of Vehumet.
  2320 | D:3      | Reached XP level 5. HP: 19/46 MP: 5/5
  2627 | D:3      | Engulfed by a cloud of flame

Action                   |  1- 3 |  4- 6 || total
-------------------------+-------+-------++-------
Melee: Long sword        |   117 |    79 ||   196
       Short sword       |       |    50 ||    50
Evoke: Wand              |       |     1 ||     1
  Use: Scroll            |     7 |     5 ||    12
       Potion            |       |     6 ||     6
 Stab: Sleeping          |     1 |     1 ||     2
  Eat: Chunk             |     1 |     5 ||     6
